 Dungeon Crawl Stone Soup version 0.30-a0-292-g0f741e3f8e (webtiles) character file.

Game seed: 15925969970572109127

464 freelancePsychic the Conjurer (level 6, -1/54 HPs)
             Began as an Armataur Conjurer on Oct 17, 2022.
             Was a Follower of Vehumet.
             Slain by a gnoll sergeant
             ... wielding a +3 trident of venom
              (4 damage)
             ... on level 3 of the Dungeon.
             The game lasted 00:06:49 (4007 turns).

freelancePsychic the Conjurer (Armataur Conjurer)   Turns: 4007, Time: 00:06:49

Health: -1/54      AC:  4    Str: 12    XL:     6   Next: 80%
Magic:  0/9        EV:  9    Int: 20    God:    Vehumet [*.....]
Gold:   91         SH:  0    Dex:  9    Spells: 8/10 levels left

rFire   + + .      SeeInvis .    a - +1 short sword (speed)
rCold   + . .      Faith    .    (no shield)
rNeg    . . .      Spirit   .    f - +0 robe
rPois   +          Reflect  .    (no helmet)
rElec   +          Harm     .    (no cloak)
rCorr   +          Roll     +    (no gloves)
Will    .....                    (no barding)
Stlth   ++........               (no amulet)
HPRegen 0.29/turn                k - ring of protection from fire
MPRegen 0.11/turn                (no ring)

@: lethally poisoned (-1 -> -25), resistant
A: large, rugged brown scales 3, deformed body, armoured tail, roll, long
tongue, awkward tongue
a: Renounce Religion


You were on level 3 of the Dungeon.
You worshipped Vehumet.
Vehumet was aware of your devotion.
You visited 1 branch of the dungeon, and saw 4 of its levels.
You also visited: Sewer.

You collected 147 gold pieces.
You spent 56 gold pieces at shops.

Inventory:

Hand Weapons
 a - a +1 short sword of speed (weapon)
Missiles
 t - a throwing net
Armour
 f - a +0 robe (worn)
 n - a +1 kite shield
Jewellery
 k - a ring of protection from fire (left hand)
Scrolls
 h - 2 scrolls of butterflies
 i - 3 scrolls of enchant armour
 p - a scroll of fear
 q - a scroll of amnesia
Potions
 c - 2 potions of magic
 d - a potion of brilliance
 e - a potion of resistance
 g - 3 potions of lignification {unknown}
 j - a potion of cancellation {unknown}
 l - 2 potions of mutation {unknown}
 m - 2 potions of invisibility {unknown}
 o - a potion of degeneration {unknown}
 r - a potion of ambrosia {unknown}


   Skills:
 + Level 3.3 Fighting
 - Level 1.3 Dodging
 - Level 3.8 Stealth
 - Level 2.5 Spellcasting
 + Level 5.7 Conjurations


You had 8 spell levels left.
You knew the following spells:

 Your Spells              Type           Power      Damage    Failure   Level
b - Searing Ray           Conj           50%        2d6       2%          2

Your spell library contained the following spells:

 Spells                   Type           Power      Damage    Failure   Level
 Freeze                   Ice            8%         1d3       16%         1
 Magic Dart               Conj           100%       1d8       1%          1
 Dazzling Flash           Conj/Hex       26%        N/A       14%         3
 Beastly Appendage        Tmut           4%         N/A       16%         1
 Wereblood                Tmut           2%         N/A       22%         2
 Spider Form              Tmut/Pois      2%         N/A       41%         3
 Fulminant Prism          Conj/Hex       6%         3d7       43%         4
 Iskenderun's Mystic Bla  Conj/Tloc      13%        2d5       43%         4


Dungeon Overview and Level Annotations

Branches:
Dungeon (4/15)              Sewer (visited)
 Temple: D:4-7

Altars:
Vehumet

Shops:
D:2 ?


Innate Abilities, Weirdness & Mutations

You are completely covered in rugged brown scales. (AC +3, +7% HP)
Armour fits poorly on your strangely shaped body.
You have a long armoured tail.
You roll when moving toward enemies. (Rampage)
Your long tongue fully drains potion bottles. (2x potion effects)
Your tongue gives you trouble enunciating. (1.5x scroll delay)


Message History

Aiming: Searing Ray (safe; 2% risk of failure)
Press: ? - help, Shift-Dir - straight line, f - gnoll sergeant
Aim: a gnoll sergeant, wielding a +3 trident of venom, wearing a +0 ring mail and wearing a +0 buckler (85% to hit)
The searing ray misses the gnoll sergeant. (Press . to maintain the ray.)
The searing ray hits the gnoll sergeant!
The gnoll sergeant is moderately wounded.
The searing ray hits the gnoll sergeant but does no damage.
The gnoll sergeant is moderately wounded.
The gnoll sergeant completely misses you.
The searing ray hits the gnoll sergeant.
The gnoll sergeant is heavily wounded.
You finish channelling your searing ray.
The gnoll sergeant hits you from afar with a +3 trident of venom!
You are poisoned.
Casting: Searing Ray (safe; 2% risk of failure)
Confirm with . or Enter, or press ? or * to list all spells.
Aiming: Searing Ray (safe; 2% risk of failure)
Press: ? - help, Shift-Dir - straight line, f/p - gnoll sergeant
Aim: a gnoll sergeant, wielding a +3 trident of venom, wearing a +0 ring mail and wearing a +0 buckler (moderately wounded, 85% to hit)
The searing ray hits the gnoll sergeant.
The gnoll sergeant is severely wounded. (Press . to maintain the ray.)
You feel very sick.
The gnoll sergeant hits you from afar with a +3 trident of venom!
The searing ray hits the gnoll sergeant.
The gnoll sergeant is almost dead.
You feel very sick.
The gnoll sergeant hits you from afar with a +3 trident of venom!
You are lethally poisoned!
The searing ray hits the gnoll sergeant but does no damage.
The gnoll sergeant is almost dead.
* * * LOW HITPOINT WARNING * * *
You feel extremely sick. The gnoll sergeant closely misses you.
Without enough magic to sustain it, your searing ray dissipates.
* * * LOW HITPOINT WARNING * * *
You feel extremely sick.
The gnoll sergeant hits you from afar with a +3 trident of venom.
You die...

#### .... ...>
####.# ... .# ).
####.## #######.#
......# #.......#
......# #.......#
......######......#
......'.........@.#
......## ###......#
.))...# #..g...#
......# #......#
......## ###.....[#
....)..###........#
...g.....#)###'####
.........#.# #.#
.........)># #.#


You could see a gnoll sergeant.

Vanquished Creatures
  Pargi (Sewer)
  An orc priest (D:3)
  Natasha (thrice) (D:3)
  2 orc wizards (D:3)
  4 adders
  9 gnolls
  An ufetubus (D:3)
  A worm (D:3)
  3 dart slugs
  8 orcs
  5 bats
  3 endoplasms (D:1)
  3 hobgoblins
  5 jackals
  2 quokkas
  5 ball pythons
  7 frilled lizards
  9 goblins
  6 kobolds
  3 rats
81 creatures vanquished.

Vanquished Creatures (others)
  5 fungi (D:2)
  2 plants (D:2)
7 creatures vanquished.

Grand Total: 88 creatures vanquished

Notes
Turn   | Place    | Note
-------+----------+-------------------------------------------
     0 | D:1      | freelancePsychic the Armataur Conjurer began the quest for
                  | the Orb.
     0 | D:1      | Reached XP level 1. HP: 14/14 MP: 3/3
   264 | D:1      | You fall into a shaft and drop 1 floor!
   418 | D:1      | Reached XP level 2. HP: 21/21 MP: 0/5
   421 | D:1      | Learned a level 2 spell: Searing Ray
   822 | D:1      | Reached XP level 3. HP: 27/27 MP: 0/6
  1304 | D:2      | Found a radiant altar of Vehumet.
  1310 | D:2      | Became a worshipper of Vehumet
  1312 | D:2      | Reached skill level 4 in Conjurations
  1521 | D:2      | Reached XP level 4. HP: 35/35 MP: 1/7
  1535 | D:2      | Found a faded altar of an unknown god.
  1783 | D:2      | Found Umnomul's Magic Scroll Boutique.
  1793 | D:2      | Bought a scroll of fear for 56 gold pieces
  2696 | D:3      | Reached skill level 1 in Fighting
  2696 | D:3      | Reached XP level 5. HP: 41/42 MP: 4/8
  2758 | D:3      | Noticed Natasha
  2771 | D:3      | Killed Natasha
  2803 | D:3      | Found a glowing drain.
  2810 | D:3      | Reached skill level 5 in Conjurations
  2812 | Sewer    | Entered a sewer
  3008 | Sewer    | Noticed Pargi
  3015 | Sewer    | Reached * piety under Vehumet
  3015 | Sewer    | Offered knowledge of Freeze by Vehumet.
  3020 | Sewer    | Killed Pargi
  3021 | Sewer    | Reached XP level 6. HP: 45/53 MP: 0/9
  3245 | D:3      | Noticed Natasha
  3250 | D:3      | Killed Natasha
  3334 | D:3      | Noticed Natasha
  3339 | D:3      | Killed Natasha
  3581 | D:3      | Found the +3 woodcutter's axe {vorpal}
  4007 | D:3      | Slain by a gnoll sergeant

Illustrated notes

Levels and vault maps discovered:
D:1:      lightli_arrival_maybe_door_vault, layout_basic
D:2:      layout_basic, basic_altar, serial_shops, nicolae_lakefront_shop,
          dreamdust_ecumenical_altar_hidden_monk_grotto
D:3:      layout_basic, portal_sewer_entry_d, pf_guarded_unrand_woodcutter,
          uniq_natasha
D:4:      layout_loops_ring, minmay_temple_entry_statues_pillars,
          kennysheep_boxes

Skill      XL: |  1  2  3  4  5  6 |
---------------+-------------------+-----
Spellcasting   | 2 |  2.5
Stealth        | 3 |  3.8
Conjurations   | 4 5 |  5.7
Fighting       | 1 2 3 |  3.3
Dodging        | |  1.3

Action                   |  1- 3 |  4- 6 || total
-------------------------+-------+-------++-------
Melee: Unarmed           |    13 |       ||    13
       Dagger            |     5 |    11 ||    16
       Tailslap          |     1 |    13 ||    14
       Short sword       |       |    66 ||    66
       Punch             |       |     1 ||     1
 Cast: Magic Dart        |    15 |     9 ||    24
       Searing Ray       |    13 |    36 ||    49
  Use: Potion            |     1 |     4 ||     5
       Scroll            |     3 |     6 ||     9
 Stab: Sleeping          |       |     1 ||     1
Armor: Robe              |    12 |    44 ||    56
Dodge: Dodged            |    15 |    59 ||    74

Table legend: (Time is in decaauts)
 A = Elapsed time spent in this place.
 B = Non-inter-level travel time spent in this place.
 C = Inter-level travel time spent in this place.
 D = Time resting spent in this place.
 E = Time spent auto-exploring this place.
 F = Levels seen in this place.
 G = Mean time per level.
                   A        B        C        D        E       F      G
               +--------+--------+--------+--------+--------+-----+--------+
         Total |   4035 |   3835 |    200 |    268 |   2873 |   5 |  807.0 |
       Dungeon |   3643 |   3443 |    200 |    268 |   2558 |   4 |  910.8 |
         Sewer |    391 |    391 |      0 |      0 |    314 |   1 |  391.0 |
               +--------+--------+--------+--------+--------+-----+--------+

Top non-repeatable levels by time:
     D:2: 1474 daAuts
     D:1: 1255 daAuts
     D:3: 902 daAuts
   Sewer: 391 daAuts
     D:4: 11 daAuts
